Map: Eastwatch LE

Players

Fake

  • Race: Terran Terran
  • League: Silver
  • Spawn Location: 7:00

ProbePrince - Winner!

  • Race: Zerg Zerg
  • Spawn Location: 1:00

VOD

Have the link to the VOD?

Description

Time

  • Played on: April 2, 2018, 4:01 a.m.
  • Length: 15:13
Show
View Real Time Build Order
Export as new Build Order

Fake Terran 

Build Orders: Reaper Expand, Hellion Banshee, MMM Bio 

Get SALT Encoding   

  12  0:01  SCV  
  13  0:14  SCV  
  14  0:18  Supply Depot  
  14  0:26  SCV  
  15  0:29  Refinery  
  15  0:40  SCV  
  16  0:45  Barracks  
  16  0:52  SCV  
  17  1:04  SCV  
  18  1:18  SCV  
  19  1:32  Reaper  
  19  1:33  Orbital Command  
  20  1:47  Command Center  
  20  2:01  SCV  
  20  2:04  Factory  
  20  2:07  Barracks Reactor  
  21  2:18  Supply Depot  
  21  2:22  SCV  
  22  2:34  SCV  
  22  2:54  SCV  
  23  2:59  Hellion  
  23  3:00  Hellion  
  23  3:02  Command Center  
  27  3:08  Armory  
  27  3:09  SCV, Refinery  
  28  3:16  Orbital Command  
  28  3:28  Hellion x2  
  28  3:31  SCV  
  33  3:41  Barracks Tech Lab  
  33  3:43  Starport, SCV  
  34  3:50  SCV  
  34  3:54  Hellion x2  
  39  3:57  SCV  
  40  4:05  SCV  
  40  4:09  SCV  
  42  4:11  Supply Depot  
  42  4:13  Supply Depot  
  42  4:18  Orbital Command  
  42  4:23  SCV  
  43  4:25  Barracks Tech Lab  
  43  4:30  Banshee, Cloaking Field  
  45  4:36  SCV  
  46  4:49  Barracks, Stimpack  
  46  4:52  Barracks  
  46  4:58  SCV  
  47  5:05  SCV x2  
  49  5:10  SCV  
  50  5:17  SCV  
  50  5:18  Banshee  
  52  5:24  SCV  
  53  5:29  SCV  
  53  5:30  SCV  
  53  5:34  Engineering Bay  
  55  5:36  SCV, Engineering Bay  
  55  5:41  SCV  
  55  5:42  SCV  
  58  5:46  Barracks Reactor  
  58  5:48  SCV  
  59  5:53  SCV  
  59  5:54  SCV  
  61  6:03  SCV  
  62  6:08  SCV  
  63  6:13  SCV  
  63  6:15  SCV  
  62  6:19  Siege Tank  
  62  6:20  Barracks x2, Marine x3, SCV  
  62  6:22  Starport Reactor  
  62  6:24  Terran Infantry Weapons Level 1, Terran Infantry Armor Level 1  
  62  6:25  Orbital Command, Barracks  
  70  6:29  Refinery  
  70  6:30  Refinery  
  70  6:32  Marine x2  
  70  6:35  SCV  
  70  6:38  Marine  
  70  6:39  SCV  
  74  6:47  SCV  
  74  6:51  Marine x2  
  77  6:58  Marine x2, SCV x2, Siege Tank  
  77  6:59  SCV  
  85  7:02  Supply Depot  
  85  7:04  Supply Depot x2  
  85  7:05  Supply Depot x2  
  85  7:10  Barracks Reactor, Barracks Tech Lab  
  85  7:16  Medivac, SCV x2  
  85  7:19  SCV  
  85  7:20  Marauder, Marine  
  93  7:23  Marine x2  
  93  7:28  SCV  
  96  7:30  Marine x3  
  93  7:38  Marine  
  93  7:43  Marine x3  
  94  7:44  SCV  
  94  7:47  Marine  
  94  7:48  Marine  
  94  7:50  Marine  
  94  7:51  Marine x2  
  89  7:55  Marine  
  87  7:59  Siege Tank  
  87  8:00  Marine  
  87  8:01  Marauder, Marine  
  87  8:02  SCV  
  87  8:04  SCV  
  95  8:09  Supply Depot, Combat Shields  
  95  8:10  Supply Depot  
  95  8:11  Barracks Reactor  
  95  8:12  Marine  
  96  8:28  Marine  
  96  8:29  Marine x5  
  96  8:31  Medivac  
  104  8:38  Marine  
  102  8:41  Terran Infantry Weapons Level 2, Terran Infantry Armor Level 2  
  102  8:45  Marauder  
  102  8:46  Marine, Siege Tank  
  102  8:47  SCV  
  109  8:58  Marine  
  109  8:59  Marine x2, Supply Depot x2  
  109  9:02  SCV  
  113  9:05  Supply Depot  
  113  9:07  Refinery  
  113  9:08  SCV x2  
  115  9:10  Refinery  
  115  9:12  Marine  
  115  9:13  Marine x3  
  115  9:14  Supply Depot  
  119  9:18  Supply Depot  
  119  9:19  Siege Tank  
  119  9:20  Supply Depot  
  119  9:22  Terran Vehicle Weapons Level 1  
  122  9:30  Marine  
  122  9:31  Marauder x2, Marine x4  
  131  9:42  Ghost Academy  
  131  9:44  Medivac  
  131  9:45  Medivac  
  135  9:54  Marauder, Marine  
  135  9:55  Marauder, Marine x7  
  147  10:12  Marine  
  142  10:14  Medivac  
  142  10:15  Marine  
  142  10:16  Marauder, Marine x6  
  135  10:24  Medivac, Marauder  
  138  10:30  Marine  
  138  10:33  Marine  
  133  10:40  Marine x7  
  124  10:43  Siege Tank  
  124  10:44  Medivac  
  124  10:45  Marine  
  124  10:48  Marine  
  117  10:51  Marine  
  117  10:54  Medivac  
  108  10:57  Marine  
  108  10:58  Marine x3  
  108  11:00  Marine x3  
  108  11:03  Marine  
  111  11:06  Marine  
  111  11:08  Factory  
  111  11:09  Starport  
  111  11:11  SCV  
  110  11:12  Starport  
  110  11:14  Medivac  
  112  11:19  Marauder  
  112  11:20  Marine x6  
  112  11:21  Marauder  
  112  11:22  Command Center x2  
  112  11:24  Command Center  
  112  11:25  Siege Tank  
  125  11:31  Terran Infantry Weapons Level 3  
  121  11:45  Marine  
  122  11:50  Marine  
  123  11:59  Marauder x2, Marine x6  
  123  12:01  SCV  
  134  12:03  Marine  
  134  12:08  Marine  
  136  12:17  Marine x5  
  136  12:21  Marauder x2, Marine x2  
  136  12:22  Siege Tank  
  143  12:36  Marine  
  132  12:39  Marine  
  132  12:40  Marine x6  
  132  12:43  Marauder  
  135  12:53  Marauder  
  135  12:54  Factory Tech Lab, Marine, Siege Tank  
  135  12:57  Marine  
  135  12:58  Marine x6  
  144  13:01  Medivac x2  
  144  13:03  Marine  
  150  13:06  Planetary Fortress  
  150  13:21  Marauder, Marine x2  
  150  13:22  Marine x2  
  150  13:23  Siege Tank  
  150  13:26  Planetary Fortress, Siege Tank  
  148  13:29  Planetary Fortress  
  148  13:42  SCV  
  148  13:47  Marine x8  
  157  14:01  Marauder, Marine  
  160  14:04  Starport Tech Lab x2  
  160  14:06  Marine  
  160  14:07  Marine x2  
  163  14:11  Medivac  
  163  14:12  Medivac, Command Center  
  167  14:20  Marauder, Marine x5  
  167  14:21  Siege Tank  
  167  14:22  Siege Tank  
  165  14:41  Marauder, Marine  
Show
View Real Time Build Order
Export as new Build Order

ProbePrince Zerg - Winner!

Build Orders: Pool First 

Get SALT Encoding   

  12  0:01  Drone  
  13  0:12  Drone  
  14  0:21  Overlord  
  14  0:26  Drone, Extractor  
  15  0:40  Drone x2  
  17  0:46  Extractor  
  16  0:51  Spawning Pool  
  16  0:52  Drone  
  16  0:59  Drone  
  17  1:12  Drone  
  18  1:24  Hatchery  
  17  1:28  Drone  
  18  1:37  Drone  
  19  1:43  Queen  
  21  1:47  Drone  
  22  1:55  Overlord  
  22  2:05  Roach Warren  
  22  2:08  Drone  
  22  2:19  Zergling x2  
  22  2:22  Queen  
  25  2:33  Drone  
  26  2:47  Drone  
  26  2:48  Drone, Roach  
  29  3:04  Drone x4  
  33  3:06  Drone  
  34  3:19  Drone, Overlord  
  35  3:20  Overlord  
  35  3:27  Drone  
  36  3:36  Overlord  
  36  3:38  Lair  
  36  3:41  Extractor  
  35  3:44  Drone x6  
  35  3:45  Drone  
  42  3:51  Drone  
  43  3:56  Queen  
  43  4:02  Drone, Extractor  
  45  4:03  Drone x3  
  48  4:19  Evolution Chamber  
  48  4:20  Drone x2  
  48  4:21  Drone x2  
  48  4:22  Evolution Chamber  
  49  4:46  Zerg Missile Weapons Level 1  
  49  4:49  Roach x5  
  59  4:54  Hydralisk Den  
  59  4:55  Glial Reconstitution  
  59  4:57  Overlord  
  59  4:58  Overlord x2  
  58  5:04  Extractor  
  57  5:11  Zerg Ground Armor Level 1  
  57  5:27  Roach  
  57  5:28  Roach x8  
  75  5:32  Hydralisk  
  77  5:40  Drone  
  77  5:41  Drone x3  
  81  6:00  Overseer  
  75  6:19  Overseer  
  75  6:21  Roach, Hydralisk x3  
  75  6:23  Overlord x3  
  75  6:24  Overlord  
  83  6:31  Grooved Spines  
  83  6:41  Hydralisk x3  
  83  6:42  Roach x4, Hydralisk x2  
  101  7:00  Overseer  
  101  7:16  Zerg Missile Weapons Level 2  
  101  7:25  Drone  
  101  7:26  Drone x3  
  53  8:11  Hydralisk  
  53  8:12  Roach x3, Hydralisk x5  
  65  8:13  Roach x3  
  75  8:20  Queen  
  75  8:22  Queen  
  75  8:23  Zerg Ground Armor Level 2  
  74  8:37  Hatchery  
  73  8:46  Hydralisk x2  
  73  8:47  Roach x4, Hydralisk  
  87  9:06  Overlord  
  87  9:07  Overlord x2  
  87  9:25  Drone  
  87  9:27  Drone x3  
  91  9:38  Muscular Augments  
  91  9:45  Queen  
  93  9:59  Hydralisk  
  93  10:00  Roach x3, Hydralisk x2  
  93  10:01  Roach  
  79  10:22  Hydralisk x2  
  79  10:23  Roach x2  
  81  10:37  Hydralisk  
  81  10:38  Roach  
  73  10:52  Hatchery  
  66  11:08  Hydralisk x2  
  66  11:09  Roach x4, Hydralisk x2  
  66  11:10  Roach  
  72  11:42  Hydralisk  
  72  11:43  Roach x3, Hydralisk  
  82  11:49  Hatchery  
  81  12:14  Drone  
  81  12:15  Drone x6  
  88  12:37  Queen  
  88  12:46  Roach  
  80  12:53  Hatchery  
  80  12:57  Hydralisk  
  80  12:58  Roach x2, Hydralisk  
  83  12:59  Roach x2  
  91  13:27  Drone x4  
  91  13:28  Drone x3  
  91  13:29  Drone  
  99  13:37  Queen  
  101  14:03  Hydralisk x3  
  101  14:04  Roach x3  
  113  14:13  Queen  
  103  14:34  Roach, Hydralisk x5  
  113  14:45  Roach  
Tags
 
Add a new tag
Caveats
  • Supply blocks, unpowered buildings, or Contaminate may cause inaccurate times.
  • Supply counts are checked every 10 seconds.